 Dungeon Crawl Stone Soup version 0.27.1-35-g4d5d836560 (console) character file.

Game seed: 14380490259521676262

19 Faeu the Sneak (level 2, 13/13 HPs)
             Began as a Spriggan Venom Mage on May 11, 2022.
             Quit the game on level 1 of the Dungeon on May 12, 2022.
             The game lasted 00:07:40 (1288 turns).

Faeu the Sneak (Spriggan Venom Mage)                Turns: 1288, Time: 00:07:41

Health: 13/13      AC:  2    Str:  4    XL:     2   Next: 55%
Magic:  7/7        EV: 17    Int: 16    God:
Gold:   77         SH:  0    Dex: 15    Spells: 6/7 levels left

rFire    . . .     SeeInvis +   b - +0 dagger {short}
rCold    . . .     Faith    .   (shield restricted)
rNeg     . . .     Spirit   .   a - +0 robe
rPois    .         Reflect  .   (helmet restricted)
rElec    .         Harm     .   (no cloak)
rCorr    .         Rampage  .   (gloves unavailable)
Will     .....                  (boots unavailable)
Stlth    ++........             (no amulet)
HPRegen  0.04/turn              (no ring)
MPRegen  0.10/turn              (no ring)

@: very quick
A: very small, no large weapons, unfitting armour, see invisible, speed 3
a: no special abilities


You were on level 1 of the Dungeon.
You visited 1 branch of the dungeon, and saw 1 of its levels.

You collected 77 gold pieces.


Innate Abilities, Weirdness & Mutations

You are very small and have problems with some larger weapons.
You are too small for most types of armour.
You have supernaturally acute eyesight. (SInv)
You cover ground extremely quickly. (Speed+++)


   Skills:
 + Level 3.1 Dodging
 + Level 3.4 Stealth
 + Level 3.0 Spellcasting
 + Level 2.0 Transmutations
 + Level 3.2 Poison Magic


You had 6 spell levels left.
You knew the following spells:

 Your Spells              Type           Power      Damage    Failure   Level
a - Sting                 Tmut/Pois      40%        1d5       6%          1

Your spell library contained the following spells:

 Spells                   Type           Power      Damage    Failure   Level
 Poisonous Vapours        Pois/Air       14%        N/A       14%         2
 Mephitic Cloud           Conj/Pois/Air  5%         N/A       36%         3
 Olgreb's Toxic Radiance  Pois           12%        N/A       45%         4

Inventory:

Hand Weapons
 b - a +0 dagger (weapon) {short}
   (You took it off a kobold on level 1 of the Dungeon)
Missiles
 h - 20 arrows
Armour
 a - a +0 robe (worn)
Scrolls
 c - a scroll of enchant armour {unknown}
 d - a scroll of holy word {unknown}
 e - 3 scrolls of identify {unknown}
 f - a scroll of vulnerability {unknown}
Potions
 g - a potion of haste {unknown}

Dungeon Overview and Level Annotations

Branches:
Dungeon (1/15)

Altars:

#.# #.###############.+ + #.#
#.############ ##.+ + #.#
#.##.........###..+ + #.#
#.##.........##...+++++ ..#
#.##.........##........ ###
#.............#.##..... #
######.............#........
#
##..................#########
#
#...................'........
#
#...................#########
#
#...........@.......#.......#
#
#...................#.####.##
# #...................#.#
#.## #
#...................#.# #.##
#
#...................#.#+##...
#
################'##.#....####
# #.##.#....# #
#.##.#....####
##.............
#......######## #.###...# ##


There were no monsters in sight!


Message History

You open the door.
A hobgoblin comes into view.
There is an open door here. 😎 HP[+6]
Your hp is fully restored (13).
A ball python comes into view.
The ball python hisses angrily.
There is an open door here.
You miscast Sting.
You are very lightly contaminated with residual magic.
Nothing appears to happen.
The ball python misses you.
The ball python completely misses you. 😎 MP[-1]
You lost 1 mp, and now have 5/6 mp.
The sting misses the ball python.
The ball python bites you. The ball python completely misses you.
The ball python bites you but does no damage.
The ball python misses you. 😕 HP[-3] MP[-1]
You take 3 damage, and now have 10/13 hp.
MASSIVE DAMAGE!! (PAUSE)
You lost 1 mp, and now have 4/6 mp.
The sting hits the ball python.
The ball python is poisoned.
You kill the ball python!
Your Spellcasting skill increases to level 3! 😕 MP[-1]
Your magical contamination has completely faded away. 😕 MP[+1] 😕 MP[+1] 😕 HP[+1] 😕 MP[+1]
There is an open door here.
You see here a quokka skeleton. 😕 MP[+1]
Your mp is fully restored (7). 😕 HP[+1]
An endoplasm comes into view. 😎 HP[+1]
Your hp is fully restored (13).
The sting hits the endoplasm.
The endoplasm partially resists.
The endoplasm is poisoned.
The endoplasm completely misses you. 😎 MP[-1]
You lost 1 mp, and now have 6/7 mp.
You hit the endoplasm but do no damage. The endoplasm closely misses you.
You hit the endoplasm. The endoplasm freezes you.
You are frozen. 😕 HP[-2]
You take 2 damage, and now have 11/13 hp.
You hit the endoplasm but do no damage. The endoplasm freezes you.
You are frozen. 😮 HP[-2]
You take 2 damage, and now have 9/13 hp.
You barely miss the endoplasm.
You kill the endoplasm! 😮 MP[+1]
Your mp is fully restored (7).
The hobgoblin shouts!
The hobgoblin closely misses you.
You are too injured to fight recklessly!
You hit the hobgoblin. The hobgoblin hits you.
* * * LOW HITPOINT WARNING * * *
😨 HP[-3]
You take 3 damage, and now have 6/13 hp.
MASSIVE DAMAGE!! (PAUSE)
You hit the hobgoblin.
You kill the hobgoblin!
Your Transmutations skill increases to level 2!
You see here a hobgoblin corpse. 😮 HP[+1]
A goblin comes into view. It is wielding a +0 dagger. 😎 HP[+6]
Your hp is fully restored (13).
The goblin shouts!
The sting hits the goblin.
The goblin is poisoned.
The goblin completely misses you. 😎 MP[-1]
You lost 1 mp, and now have 6/7 mp.
You kill the goblin!
You see here a +0 dagger {short}. 😎 MP[+1]
Your mp is fully restored (7).
f - a scroll labelled SEM BYGIRYPH
g - a murky blue potion
h - 20 arrows Why would you want to do that?
Why would you want to do that? Why would you want to do that?
You see here a +0 dagger {short}.
There is an open door here.
Save game and exit? [Y]es or [N]o only, please.
Save game and exit? 🤖 Initializing magus.rc ...
Options error: Delay interrupt name "hungry" not recognised. (~/.crawlrc:4770) ✅ Successfully initialized magus.rc [v1.9.6] Welcome back, Faeu the Spriggan Venom Mage.
Press ? for a list of commands and other information.
Are you sure you want to abandon this character and quit the game? (Confirm with "yes".)

Skill      XL: |  1  2 |
---------------+-------+-----
Dodging        | 3 |  3.1
Spellcasting   | 3 |  3.0
Transmutations | 2 |  2.0
Stealth        | |  3.4
Poison Magic   | |  3.2

Action                   || total
-------------------------++-------
Melee: Dagger            ||    47
 Cast: Sting             ||    16
 Stab: Sleeping          ||     1
Armor: Robe              ||     6
Dodge: Dodged            ||    60

Levels and vault maps discovered:
D:1:      dpeg_arrival_rooms_with_view, layout_basic,
          hellmonk_ecumenical_altar_heavens_door

Notes
Turn   | Place    | Note
-------+----------+-------------------------------------------
     0 | D:1      | Faeu the Spriggan Venom Mage began the quest for the Orb.
     0 | D:1      | Reached XP level 1. HP: 9/9 MP: 5/5
     0 | D:1      | magus.rc [v1.9.6]
   222 | D:1      | Reached XP level 2. HP: 13/13 MP: 6/6
   329 | D:1      | Reached skill level 3 in Dodging
   848 | D:1      | Reached skill level 3 in Spellcasting
  1039 | D:1      | Reached skill level 2 in Transmutations
  1288 | D:1      | magus.rc [v1.9.6]
  1288 | D:1      | Quit the game

Vanquished Creatures
  4 ball pythons (D:1)
  An endoplasm (D:1)
  A giant cockroach (D:1)
  2 goblins (D:1)
  3 hobgoblins (D:1)
  2 kobolds (D:1)
  A quokka (D:1)
  A bat (D:1)
  2 rats (D:1)
17 creatures vanquished.

Table legend:
 A = Non-vault XP
 B = Vault XP
 C = Vault XP percentage of total XP
 D = Non-vault monster count
 E = Vault monster count
 F = Vault count percentage of total count
                 A         B        C        D         E       F
            +---------+---------+-------+---------+---------+-------
      Total |      24 |       4 |  14.3 |      15 |       2 |  11.8
            +---------+---------+-------+---------+---------+-------
        D:1 |      24 |       4 |  14.3 |      15 |       2 |  11.8
            +---------+---------+-------+---------+---------+-------

Illustrated notes

Table legend:
 A = Kills in this place as a percentage of kills in entire the game.
 B = Kills by you in this place as a percentage of kills by you in the entire game.
 C = Kills by friends in this place as a percentage of kills by friends in the entire game.
 D = Other kills in this place as a percentage of other kills in the entire game.
 E = Experience gained in this place as a percentage of experience gained in the entire game.
 F = Experience gained in this place divided by the number of levels of this place that you have seen.
                   A       B       C       D       E      F
               +-------+-------+-------+-------+-------+----------------------
         Total | 100.0 | 100.0 |   N/A |   N/A | 100.0 |  28.0
       Dungeon | 100.0 | 100.0 |   N/A |   N/A | 100.0 |  28.0
               +-------+-------+-------+-------+-------+----------------------

Table legend: (Time is in decaauts)
 A = Elapsed time spent in this place.
 B = Non-inter-level travel time spent in this place.
 C = Inter-level travel time spent in this place.
 D = Time resting spent in this place.
 E = Time spent auto-exploring this place.
 F = Levels seen in this place.
 G = Mean time per level.
                   A        B        C        D        E       F      G
               +--------+--------+--------+--------+--------+-----+--------+
         Total |    965 |    965 |      0 |      0 |    557 |   1 |  965.0 |
       Dungeon |    965 |    965 |      0 |      0 |    557 |   1 |  965.0 |
               +--------+--------+--------+--------+--------+-----+--------+

Top non-repeatable levels by time:
     D:1: 965 daAuts
